 Dungeon Crawl Stone Soup version 0.20.1-1-g8b1a95d (webtiles) character file.

104 ValdsEpitaph the Ducker (level 4, 0/22 HPs)
             Began as a Felid Berserker on Oct 24, 2017.
             Was a Priest of Trog.
             Slain by a gnoll shaman
             ... wielding a +0 club
              (8 damage)
             ... on level 3 of the Dungeon.
             The game lasted 00:18:45 (3098 turns).

ValdsEpitaph the Ducker (Felid Berserker)           Turns: 3098, Time: 00:18:47

Health: 0/22       AC:  1    Str: 13    XL:     4   Next: 52%
Magic:  5/5        EV: 20    Int:  8    God:    Trog [***...]
Gold:   80         SH:  0    Dex: 16    Spells: 3/3 levels left
                                        Lives:  0   Deaths: 1

rFire    . . .     SeeInvis +     - Unarmed
rCold    . . .     Gourm    .   (shield unavailable)
rNeg     + + .     Faith    .   (armour unavailable)
rPois    .         Spirit   .   (helmet unavailable)
rElec    .         Reflect  .   (cloak unavailable)
rCorr    .         Harm     .   (gloves unavailable)
MR       .....                  (boots unavailable)
Stlth    ++........             (no amulet)
Regen    0.1/turn               d - ring of positive energy
MPRegen  0.1/turn               l - ring of positive energy

@: quick
A: no armour, no weapons or thrown items, stealth, claws 1, fangs 3, see
invisible, carnivore 3, speed 1, shaggy fur 1, slow metabolism 1, sharp paws
a: Berserk, Trog's Hand, Burn Spellbooks, Renounce Religion


You were on level 3 of the Dungeon.
You worshipped Trog.
Trog was most pleased with you.
You were completely stuffed.

You visited 1 branch of the dungeon, and saw 3 of its levels.

You collected 80 gold pieces.

Inventory:

Jewellery
 d - a ring of positive energy (left paw)
 l - a ring of positive energy (right paw)
Scrolls
 b - 2 scrolls of amnesia {unknown}
 f - a scroll of fog {unknown}
 h - a scroll of fear {unknown}
 j - 5 scrolls of remove curse {unknown}
 m - 3 scrolls of enchant weapon {unknown}
 n - a scroll of teleportation {unknown}
 o - 3 scrolls of identify {unknown}
 t - a scroll of recharging {unknown}
Potions
 c - a potion of degeneration {unknown}
 e - 2 potions of mutation {unknown}
 i - 2 potions of heal wounds {unknown}
 k - a potion of agility {unknown}
 p - a potion of curing {unknown}
 q - a potion of haste {unknown}
 r - a potion of might {unknown}
Comestibles
 a - 4 meat rations
 g - 2 chunks of flesh
 s - a royal jelly


   Skills:
 + Level 3.7 Fighting
 + Level 5.2 Dodging
 + Level 4.8 Unarmed Combat


You had 3 spell levels left.
You didn't know any spells.

Dungeon Overview and Level Annotations

Branches:
Dungeon (3/15)

Altars:


Innate Abilities, Weirdness & Mutations

You cannot wear armour.
You are incapable of wielding weapons or throwing items.
Your paws allow you to move quietly. (Stealth)
You have sharp claws.
You have razor-sharp teeth.
You have supernaturally acute eyesight. (SInv)
You are carnivorous and can eat meat at any time.
You cover ground quickly.
You are covered in fur. (AC +1)
You have a slow metabolism.
Your sharp claws are effective at attacking unaware monsters.


Message History

You open the door.
There is an open door here.
A gnoll shaman comes into view. It is wielding a club.
The gnoll shaman shouts!
You scratch the gnoll shaman but do no damage.
The gnoll shaman invokes the aid of its god against you.
You resist with some effort.
You scratch the gnoll shaman.
The gnoll shaman is lightly wounded.
The gnoll shaman barely misses you.
You scratch the gnoll shaman. You bite the gnoll shaman.
The gnoll shaman is heavily wounded.
The gnoll shaman hits you with a club!
Ouch! That really hurt!
You scratch the gnoll shaman.
The gnoll shaman is severely wounded.
You barely miss the gnoll shaman. Your bite misses the gnoll shaman.
The gnoll shaman is severely wounded.
The gnoll shaman hits you with a club!
You die...

#≈≈....#..................
#≈≈....#.#.##..###########
####≈≈....#.#..........#
≈≈≈≈≈≈....#.####.......#
≈≈≈≈≈≈....#.# #.......#
....P.....#.# #....####
#### ............####....#
#... .#.............#....#
#.## #..........@..#....#
####.#
#...........g.#....#
#.÷..#
#.............#....#
#.####
#.....(.......#....#
#.####
#...########'###'###
#....# #...# #.###.#
####.# #...# #..##.# #.#
#...# #####.##.# #.#
##...# #.....##.# #<#


You could see a gnoll shaman.

Vanquished Creatures
  A hound (D:3)
  A gnoll (D:3)
  4 adders (D:2)
  An ooze (D:2)
  A worm (D:2)
  5 leopard geckos
  2 giant cockroaches (D:2)
  2 goblins
  6 hobgoblins
  10 jackals (D:3)
  2 quokkas (D:2)
  2 ball pythons
  5 bats
  4 frilled lizards
  9 kobolds
  25 rats
80 creatures vanquished.

Notes
Turn   | Place    | Note
-------+----------+-------------------------------------------
     0 | D:1      | ValdsEpitaph the Felid Berserker began the quest for the Orb.
     0 | D:1      | Reached XP level 1. HP: 10/10 MP: 2/2
   607 | D:1      | Reached XP level 2. HP: 14/14 MP: 3/3
  1019 | D:2      | Reached XP level 3. HP: 17/17 MP: 4/4
  1107 | D:2      | Reached ** piety under Trog
  1490 | D:2      | Reached XP level 4. HP: 8/21 MP: 5/5
  2254 | D:3      | Reached *** piety under Trog
  2373 | D:3      | Slain by an adder
  2374 | D:3      | Reached XP level 3. HP: -1/18 MP: 4/4
  2640 | D:3      | Reached skill level 5 in Dodging
  2640 | D:3      | Reached XP level 4. HP: 3/22 MP: 5/5
  3098 | D:3      | Slain by a gnoll shaman

Skill      XL: |  1  2  3  4 |
---------------+-------------+-----
Unarmed Combat | 4 |  4.8
Dodging        | 5 |  5.2
Fighting       | |  3.7

Action                   |  1- 3 |  4- 6 || total
-------------------------+-------+-------++-------
Melee: Unarmed           |   123 |   103 ||   226
       Bite              |    15 |     9 ||    24
       Punch             |     4 |     3 ||     7
Invok: Berserk           |       |     1 ||     1
       Trog's Hand       |       |     1 ||     1
 Stab: Sleeping          |     2 |     2 ||     4
  Eat: Chunk             |    14 |     4 ||    18
Armor: Skin              |    12 |     3 ||    15
Dodge: Dodged            |   137 |    85 ||   222
